 Dungeon Crawl Stone Soup version 0.16-a0-3149-g1169300 (webtiles) character file.

238 Johnny the Bolt Thrower (level 6, -2/47 HPs)
             Began as a Human Hunter on Dec 14, 2014.
             Slain by a slave (6 damage)
             ... led by Pikel
             ... on level 4 of the Dungeon.
             The game lasted 00:06:02 (2091 turns).

Johnny the Bolt Thrower (Human Hunter)              Turns: 2091, Time: 00:06:03

Health: -2/47      AC:  5    Str: 13    XL:     6   Next: 28%
Magic:  6/6        EV: 13    Int: 11    God:
Gold:   168        SH:  0    Dex: 15    Spells: 0 memorised, 5 levels left

rFire  . . .     SeeInvis .     x - +0 falchion (drain)
rCold  . . .     Clarity  .     d - +0 leather armour
rNeg   . . .     SustAb   .     (no shield)
rPois  .         Gourm    .     y - +0 helmet
rElec  .         Spirit   .     (no cloak)
rCorr  .         Warding  .     (no gloves)
rMut   .         Stasis   .     (no boots)
MR     .....                    (no amulet)
Stlth  ++........               q - ring of invisibility
                                t - +1 ring of protection

@: very slightly contaminated, hasted, very quick, not resistant to hostile
enchantments, unstealthy
A: no striking features
a: Evoke Invisibility


You were on level 4 of the Dungeon.
You were hungry.

You visited 1 branch of the dungeon, and saw 4 of its levels.

You collected 168 gold pieces.

Inventory:

Hand weapons
 a - a +0 short sword
 b - a +1 hand crossbow
 s - a +2 flail of protection
 w - a +0 rapier of speed
 x - a +0 falchion of draining (weapon)
Armour
 d - a +0 leather armour (worn)
 y - a +0 helmet (worn)
Jewellery
 h - an uncursed ring of stealth
 q - a ring of invisibility (right hand)
 t - a +1 ring of protection (left hand)
Scrolls
 e - a scroll of blinking
 g - a scroll of remove curse
 j - a scroll of fog
 m - a scroll of enchant armour
 o - a scroll of amnesia {unknown}
 v - a scroll of fear {unknown}
Potions
 k - a potion of haste
Comestibles
 f - 3 bread rations
 n - 18 fruits
 r - 3 meat rations


   Skills:
 + Level 3.3 Fighting
 * Level 5.7 Crossbows
 + Level 3.6 Dodging
 - Level 1.0 Stealth


You had 5 spell levels left.
You didn't know any spells.

Dungeon Overview and Level Annotations

Branches:
Dungeon (4/15)
 Temple: D:4-7

Altars:
The Shining One

Annotations:
D:4 Pikel


Message History

It is a scroll of identify.
Identify which item? (\ to view known items) (? for menu, Esc to quit)
g - a scroll of remove curse Read which item? (? for menu, Esc to quit)
Identify which item? (\ to view known items) (? for menu, Esc to quit)
As you read the scroll of identify, it crumbles to dust.
j - a scroll of fog The giant mite barely misses you.
Read which item? (? for menu, Esc to quit)
Identify which item? (\ to view known items) (? for menu, Esc to quit)
As you read the scroll of identify, it crumbles to dust.
m - a scroll of enchant armour The giant mite misses you.
Read which item? (? for menu, Esc to quit)
Okay, then.
You open the door.
You hear the slow rusting of a distant drain.
There is an open door here.
The slave hits you but does no damage. The slave hits you.
You die...

#..S..........
##.#.#.#.<#
#........##
#..#..#.o.#
#..##.###.# #.....#
#o#
##.######s########
#.# #.........# #o#
#..p@.....# #.#
#..p......# ###.###
#.p.......# #......
#!........# #......
#.........#
#......##.........#
##..##)K((.....(..#
#..#####.........#
#... #......(..#


You could see 3 slaves, a giant mite and an orc.

Vanquished Creatures
  A hound (D:4)
  An orc priest (D:4)
  Robin (D:3)
  4 adders
  4 worms
  An ooze (D:2)
  10 orcs (D:3)
  4 giant cockroaches
  7 hobgoblins
  5 jackals (D:1)
  11 kobolds
  5 ball pythons
  10 bats
  2 giant geckos (D:2)
  A giant newt (D:1)
  17 goblins
  3 quokkas
  8 rats
95 creatures vanquished.

Vanquished Creatures (others)
  An orc (D:4)
1 creature vanquished.

Grand Total: 96 creatures vanquished

Notes
Turn   | Place    | Note
--------------------------------------------------------------
     0 | D:1      | Johnny, the Human Hunter, began the quest for the Orb.
     0 | D:1      | Reached XP level 1. HP: 16/16 MP: 1/1
   199 | D:1      | Reached XP level 2. HP: 22/22 MP: 2/2
   407 | D:1      | Reached XP level 3. HP: 27/27 MP: 3/3
   699 | D:2      | Reached XP level 4. HP: 17/34 MP: 4/4
   904 | D:2      | Reached skill level 5 in Crossbows
  1135 | D:2      | Reached XP level 5. HP: 40/40 MP: 5/5
  1484 | D:3      | Found a glowing golden altar of the Shining One.
  1788 | D:3      | Noticed Robin
  1799 | D:3      | Killed Robin
  2028 | D:4      | Noticed Pikel
  2028 | D:4      | Noticed a slave
  2028 | D:4      | Noticed a slave
  2028 | D:4      | Noticed a slave
  2028 | D:4      | Noticed a slave
  2042 | D:4      | Reached XP level 6. HP: 16/47 MP: 6/6
  2071 | D:4      | HP: 2/47 [Pikel/wand of fire (12)]
  2091 | D:4      | Slain by a slave

Action                   |  1- 3 |  4- 6 || total
-------------------------+-------+-------++-------
Melee: Flail             |       |    50 ||    50
       Falchion          |       |    15 ||    15
 Fire: Hand crossbow     |    84 |   113 ||   197
  Use: Potion            |       |     6 ||     6
       Scroll            |       |     4 ||     4
  Eat: Chunk             |       |     3 ||     3
